 Dungeon Crawl Stone Soup version 0.29.0 (webtiles) character file.

Game seed: 14072309927511492676

1510 Dorkslayer the Chopper (level 8, -2/71 HPs)
             Began as a Hill Orc Fighter on Sept 17, 2022.
             Was an Initiate of Gozag.
             Splashed by a jelly's acid (8 damage)
             ... on level 7 of the Dungeon.
             The game lasted 00:14:18 (6041 turns).

Dorkslayer the Chopper (Hill Orc Fighter)           Turns: 6041, Time: 00:14:19

Health: -2/71      AC:  5    Str: 21    XL:     8   Next: 83%
Magic:  8/8        EV:  5    Int:  4    God:    Gozag
Gold:   415        SH: 23    Dex: 10    Spells: 7/7 levels left

rFire   . . .      SeeInvis .   a - +0 war axe
rCold   . . .      Faith    .   v - +10 tower shield of Ignorance {rN+ Int-4}
rNeg    + . .      Spirit   .   z - +0 chain mail
rPois   .          Reflect  .   w - +0 helmet
rElec   .          Harm     .   s - +0 cloak
rCorr   .          Rampage  .   (no gloves)
Will    .....                   f - +0 pair of boots
Stlth   ..........              (no amulet)
HPRegen 0.21/turn               (no ring)
MPRegen 0.11/turn               (no ring)

@: corroded, gold aura
A: no striking features
a: Renounce Religion, Potion Petition, Call Merchant, Bribe Branch


You were on level 7 of the Dungeon.
You worshipped Gozag.
Gozag was aware of your devotion.
You visited 2 branches of the dungeon, and saw 8 of its levels.

You collected 501 gold pieces.
You paid 86 gold pieces to Gozag.

Inventory:

Hand Weapons
 a - a +0 war axe (weapon)
 t - a +0 war axe
Missiles
 r - a throwing net (quivered)
 x - 6 boomerangs
Armour
 c - a +0 buckler
 f - a +0 pair of boots (worn)
 s - a +0 cloak (worn)
 v - the +10 tower shield of Ignorance (worn) {rN+ Int-4}
   (You found it on level 4 of the Dungeon)

   Int:       It affects your intelligence (-4).
   rN:        It protects you from negative energy.
 w - a +0 helmet (worn)
 z - a +0 chain mail (worn)
Wands
 e - a wand of charming (15)
Scrolls
 b - a scroll of magic mapping {unknown}
 o - 2 scrolls of teleportation
 p - a scroll of amnesia {unknown}
 q - a scroll of silence {unknown}
 u - a scroll of immolation
Potions
 d - 3 potions of might
 g - 2 potions of heal wounds
 i - 2 potions of mutation
 j - 2 potions of invisibility
 k - 4 potions of curing
 l - a potion of haste
 m - 3 potions of brilliance


   Skills:
 * Level 6.3 Fighting
 + Level 7.4 Axes
 + Level 5.1 Armour
 + Level 2.5 Dodging
 * Level 2.8 Stealth
 + Level 5.9 Shields
 * Level 2.7 Evocations


You had 7 spell levels left.
You didn't know any spells.
Your spell library contained the following spells:

 Spells                   Type           Power      Damage    Failure   Level
 Beastly Appendage        Tmut           0%         N/A       100%        1
 Blink                    Tloc           0%         N/A       100%        2
 Wereblood                Tmut           0%         N/A       100%        2
 Ignite Poison            Fire/Tmut/Pois 0%         N/A       100%        3
 Lesser Beckoning         Tloc           0%         N/A       100%        3
 Mephitic Cloud           Conj/Pois/Air  0%         N/A       100%        3
 Spider Form              Tmut/Pois      0%         N/A       100%        3
 Freezing Cloud           Conj/Ice/Air   0%         6-21      100%        5
 Manifold Assault         Tloc           0%         N/A       100%        5


Dungeon Overview and Level Annotations

Branches:
Dungeon (7/15)             Temple (1/1) D:4

Altars:
Ashenzari
Cheibriados
Dithmenos
Fedhas
Gozag
Kikubaaqudgha
Makhleb
Nemelex Xobeh
Okawaru
Qazlal
Ru
Trog
Uskayaw
Vehumet
Wu Jian
Xom
Yredelemnul
Zin
The Shining One

Shops:
D:1 *   D:2 *


Message History

The steam dragon breathes steam at you. The ball of steam hits you!
An ice beast comes into view.
You slash the steam dragon!
You kill the steam dragon!
You are engulfed in a cloud of scalding steam.
You are engulfed in a cloud of scalding steam.
The ice beast is distracted by your dazzling golden aura.
You see here 14 gold pieces.
A jelly comes into view.
The jelly quivers.
The ice beast is no longer distracted by gold.
The jelly is distracted by your dazzling golden aura.
The jelly quivers.
You slash the ice beast!
The ice beast is moderately wounded.
The jelly is no longer distracted by gold.
You block the ice beast's attack. x2
You closely miss the ice beast.
The ice beast is moderately wounded.
You slash the jelly! The acid corrodes you!
Your hands burn!
You block the jelly's attack.
The ice beast is distracted by your dazzling golden aura.
You block the jelly's attack.
You slash the ice beast!
The ice beast is no longer distracted by gold.
The ice beast is heavily wounded.
You hit the jelly.
Your hands burn!
You block the jelly's attack. You block the ice beast's attack.
You slash the ice beast!
The ice beast is severely wounded.
You completely miss the jelly. You block the jelly's attack.
The ice beast hits you. The ice beast freezes you! The ice beast hits you.
The ice beast freezes you!
* * * LOW HITPOINT WARNING * * *
The jelly hits you.
* * * LOW HITPOINT WARNING * * *
The acid corrodes you!
You are splashed with acid!
You die...
Your body crumbles into a pile of gold.

$ ## #. ####.## .....#
#####.#Y####### ..#
.......@....... .#..#.
.......J#########.....
.......#............#
#.###..#$.#.........#
. ....#..#.........#
####.#..#.........#
#.#............#
#.#..#.........#
#.#..#########'####


You could see an ice beast and a jelly.

Vanquished Creatures
  A steam dragon (D:7)
  2 water moccasins (D:5)
  2 ice beasts (D:5)
  A sky beast (D:7)
  An ogre (D:5)
  2 phantoms
  2 necrophages
  A hound (D:6)
  2 jellies
  An orc priest (D:6)
  Crazy Yiuf (D:6)
  An orc wizard (D:5)
  2 iguanas
  11 gnolls
  7 adders
  2 white imps (D:5)
  3 dart slugs
  12 orcs
  11 ball pythons
  4 bats
  8 endoplasms
  3 giant cockroaches
  8 hobgoblins
  7 jackals
  7 quokkas
  2 frilled lizards (D:2)
  9 goblins
  9 kobolds
  7 rats
129 creatures vanquished.

Notes
Turn   | Place    | Note
-------+----------+-------------------------------------------
     0 | D:1      | Dorkslayer the Hill Orc Fighter began the quest for the
                  | Orb.
     0 | D:1      | Reached XP level 1. HP: 19/19 MP: 1/1
   108 | D:1      | Found a faded altar of an unknown god.
   128 | D:1      | Reached XP level 2. HP: 24/27 MP: 2/2
   356 | D:1      | Found Ithi's Assorted Antiques.
   437 | D:1      | Reached skill level 3 in Axes
   535 | D:1      | Reached XP level 3. HP: 25/33 MP: 3/3
  1035 | D:2      | Reached XP level 4. HP: 23/41 MP: 4/4
  1038 | D:2      | Reached skill level 1 in Dodging
  1276 | D:2      | Found Voapnyr's General Store.
  1451 | D:2      | Reached skill level 4 in Axes
  1588 | D:3      | Reached XP level 5. HP: 33/47 MP: 5/5
  2472 | D:4      | Found a staircase to the Ecumenical Temple.
  2492 | Temple   | Entered the Ecumenical Temple
  2860 | D:4      | Reached XP level 6. HP: 48/55 MP: 6/6
  2922 | D:4      | Found a shadowy altar of Dithmenos.
  2923 | D:4      | Found a sparkling altar of Nemelex Xobeh.
  3457 | D:4      | Found the +10 tower shield of Ignorance {rN+ Int-4}
  3480 | D:4      | Reached skill level 5 in Fighting
  3480 | D:4      | Reached skill level 5 in Axes
  3984 | D:5      | Entered Level 5 of the Dungeon
  4035 | D:5      | Found a hide-covered altar of Uskayaw.
  4090 | D:5      | Reached skill level 1 in Stealth
  4090 | D:5      | Reached XP level 7. HP: 44/61 MP: 7/7
  4276 | D:5      | Found an ancient bone altar of Kikubaaqudgha.
  4409 | D:5      | Reached skill level 6 in Axes
  4409 | D:5      | Reached skill level 1 in Evocations
  4607 | D:5      | Found an opulent altar of Gozag.
  4615 | D:5      | Became a worshipper of Gozag Ym Sagoz the Greedy
  4808 | D:5      | Reached skill level 5 in Shields
  4808 | D:5      | Reached XP level 8. HP: 43/70 MP: 8/8
  5390 | D:6      | Reached skill level 7 in Axes
  5565 | D:6      | Found a runed translucent door.
  5566 | D:6      | Noticed Crazy Yiuf
  5574 | D:6      | Killed Crazy Yiuf
  5756 | D:6      | Found a broken altar of Ashenzari.
  6017 | D:7      | Reached skill level 5 in Armour
  6041 | D:7      | Splashed by a jelly's acid

Illustrated notes

Levels and vault maps discovered:
D:1:      matt_arrival_grand_opening, layout_loops_cross, serial_shops,
          nicolae_shop_behind_doors, shapermc_ecumenical_altar_notcrosses,
          minmay_3d_cube
D:2:      layout_basic, serial_shops, shop
D:3:      layout_rooms, st_stairs_6
D:4:      layout_layer_cave, minitemple, minmay_temple_entry_mini_moons,
          minmay_bisected
D:5:      layout_loops_corners, grunt_gozag_statues,
          chequers_temple_overflow_statue_of_worship, nrook_pool_corridor
D:6:      layout_cave_pools, ashenzari_altar_1, serial_glass, glass_columns_a,
          glass_columns_b, uniq_crazy_yiuf_cottage
D:7:      lemuel_ice_statue, layout_basic, uniq_menkaure
Temple:   hellmonk_temple_forest_ring

Skill      XL: |  1  2  3  4  5  6  7  8 |
---------------+-------------------------+-----
Fighting       | 4 5 6 |  6.3
Axes           | 3 4 5 6 7 |  7.4
Armour         | 4 5 |  5.1
Dodging        | 1 2 |  2.5
Shields        | 4 5 |  5.9
Stealth        | 1 2 |  2.8
Evocations     | 1 2 |  2.7

Action                   |  1- 3 |  4- 6 |  7- 9 || total
-------------------------+-------+-------+-------++-------
Melee: War axe           |    93 |   228 |   147 ||   468
Throw: Throwing net      |       |     1 |       ||     1
  Use: Scroll            |       |     7 |     4 ||    11
Armor: Scale mail        |    59 |   104 |    31 ||   194
       Chain mail        |       |       |     8 ||     8
Dodge: Dodged            |    44 |   109 |    17 ||   170
Block: Buckler           |    18 |    33 |       ||    51
       Tower shield      |       |    83 |   184 ||   267
